 Dungeon Crawl Stone Soup version 0.22-a0-542-gce4f928 (webtiles) character file.

322 iamserjio the Charmwright (level 6, -2/51 HPs)
             Began as a Gnoll Skald on June 24, 2018.
             Was an Initiate of Cheibriados.
             Slain by an orc warrior
             ... wielding a +0 hand axe
              (3 damage)
             ... on level 6 of the Dungeon.
             The game lasted 00:07:04 (692 turns).

iamserjio the Charmwright (Gnoll Skald)              Turns: 692, Time: 00:07:05

Health: -2/51      AC:  5    Str: 15    XL:     6   Next: 47%
Magic:  5/14       EV: 14    Int: 16    God:    Cheibriados [......]
Gold:   54         SH:  0    Dex: 15    Spells: 4/15 levels left

rFire    . . .     SeeInvis .   a - +0 hand axe
rCold    . . .     Gourm    .   (no shield)
rNeg     . . .     Faith    .   b - +0 leather armour
rPois    .         Spirit   .   (no helmet)
rElec    .         Reflect  .   (no cloak)
rCorr    .         Harm     .   (no gloves)
MR       .....                  h - +1 pair of boots
Stlth    +.........             (no amulet)
HPRegen  0.17/turn              f - -2 ring of intelligence
MPRegen  0.14/turn              g - ring of loudness

@: singing, very slow
A: distributed training, fangs 1, strong nose
a: Bend Time, Renounce Religion


You were on level 6 of the Dungeon.
You worshipped Cheibriados.
Cheibriados was noncommittal.
You were not hungry.

You visited 2 branches of the dungeon, and saw 7 of its levels.
You also visited: Ossuary.

You collected 54 gold pieces.

Inventory:

Hand Weapons
 a - a +0 hand axe (weapon)
 n - a +2 spear of piercing
Missiles
 k - 2 throwing nets (quivered) {!f}
Armour
 b - a +0 leather armour (worn)
 h - a +1 pair of boots (worn)
 o - a +0 scale mail
Jewellery
 f - a -2 ring of intelligence (left hand)
 g - a ring of loudness (right hand)
Scrolls
 l - a scroll of remove curse {@r2}
Potions
 c - a potion of mutation
 e - 3 potions of curing {@q1}
 i - a potion of might
 j - 3 potions of heal wounds
 p - a potion of degeneration {unknown}
Comestibles
 d - 2 rations


   Skills:
 + Level 5.0 Fighting
 + Level 1.9 Short Blades
 + Level 1.9 Long Blades
 + Level 5.0 Axes
 + Level 1.9 Maces & Flails
 + Level 1.9 Polearms
 + Level 1.9 Staves
 + Level 1.9 Slings
 + Level 1.9 Bows
 + Level 1.9 Crossbows
 + Level 1.9 Throwing
 + Level 3.2 Armour
 + Level 5.0 Dodging
 + Level 1.9 Stealth
 + Level 1.9 Shields
 + Level 1.9 Unarmed Combat
 + Level 5.3 Spellcasting
 + Level 1.5 Conjurations
 + Level 1.5 Hexes
 + Level 5.6 Charms
 + Level 1.5 Summonings
 + Level 1.5 Necromancy
 + Level 1.5 Translocations
 + Level 1.5 Transmutations
 + Level 1.5 Fire Magic
 + Level 1.5 Ice Magic
 + Level 1.5 Air Magic
 + Level 1.5 Earth Magic
 + Level 1.5 Poison Magic
 + Level 2.1 Invocations
 + Level 1.9 Evocations


You had 4 spell levels left.
You knew the following spells:

 Your Spells              Type           Power        Failure   Level  Hunger
a - Infusion              Chrm           ###.         1%          1    None
b - Song of Slaying       Chrm           ###.....     2%          2    #......
c - Shroud of Golubria    Chrm/Tloc      ###.......   6%          2    #......
d - Spectral Weapon       Hex/Chrm       ###.....     12%         3    ###....
e - Regeneration          Chrm/Necr      ###.......   12%         3    ###....

Your spell library contained the following spells:

 Spells                   Type           Power        Failure   Level  Hunger


Dungeon Overview and Level Annotations

Branches:
Dungeon (6/15)             Temple (1/1) D:5

Altars:
Cheibriados
Dithmenos
Fedhas
Kikubaaqudgha
Nemelex Xobeh
Okawaru
Qazlal
Ru
Trog
Uskayaw
Wu Jian
Zin


Innate Abilities, Weirdness & Mutations

Your experience applies equally to all skills.
You have very sharp teeth.
Your uncanny sense of smell can sniff out nearby items.


Message History

The orc warrior is lightly wounded.
You closely miss the worker ant.
The orc warrior hits you with a hand axe!
Your shroud falls apart!
The worker ant bites you.
Casting: Shroud of Golubria (safe; 6% risk of failure)
Confirm with . or Enter, or press ? or * to list all spells.
You draw out your weapon's spirit!
The worker ant closely misses you. The orc hits you with a mace!
* * * LOW HITPOINT WARNING * * *
The orc warrior hits you with a hand axe!
* * * LOW HITPOINT WARNING * * *
The orc priest barely misses you.
The orc priest closely misses your spectral weapon.
As you read the scroll labeled NYISI GA LUTAA, it crumbles to dust.
You feel as if something is helping you.
It was a scroll of remove curse.
The worker ant bites you.
* * * LOW HITPOINT WARNING * * *
The orc warrior hits you with a hand axe.
You die...

....# #..# ####...
........#
#..###......
........##
#..#.......<
.........#
##....###....
.........###..####
##...
..........#..##
##..
......⌠o⌠...## ##.
......ao...## ##
......o@⌠..#
..[...o(...#
...$.......#
...........#
...........#
...........#
...........#
...........# ∆
........#.#


You could see an orc warrior, a worker ant, 2 orc priests, an orc and a friendly
spectral hand axe.

Vanquished Creatures
  A centaur (D:5)
  2 centaur zombies (Ossuary)
  2 hounds
  4 mummies (Ossuary)
  3 adders
  5 orcs
  3 giant cockroaches
  A goblin (D:2)
  A hobgoblin (D:3)
  8 jackals
  A quokka (D:2)
  2 bats
  2 frilled lizards (D:1)
  A hobgoblin zombie (D:4)
  2 kobolds (D:1)
  A quokka zombie (D:5)
  A rat zombie (D:4)
40 creatures vanquished.

Vanquished Creatures (others)
  A spectral weapon (D:6)
1 creature vanquished.

Grand Total: 41 creatures vanquished

Notes
Turn   | Place    | Note
-------+----------+-------------------------------------------
     0 | D:1      | iamserjio the Gnoll Skald began the quest for the Orb.
     0 | D:1      | Reached XP level 1. HP: 20/20 MP: 6/6
   170 | D:2      | Reached XP level 2. HP: 19/26 MP: 4/7
   175 | D:2      | Learned a level 2 spell: Song of Slaying
   178 | D:2      | Learned a level 2 spell: Shroud of Golubria
   223 | D:4      | Found a sand-covered staircase.
   229 | D:4      | Reached skill level 5 in Spellcasting
   229 | D:4      | Reached skill level 1 in Invocations
   229 | D:4      | Reached XP level 3. HP: 11/31 MP: 6/9
   237 | D:4      | Learned a level 3 spell: Spectral Weapon
   241 | D:4      | Learned a level 3 spell: Regeneration
   246 | Ossuary  | Entered an ossuary
   260 | Ossuary  | Reached skill level 1 in Short Blades
   260 | Ossuary  | Reached skill level 1 in Long Blades
   260 | Ossuary  | Reached skill level 1 in Maces & Flails
   260 | Ossuary  | Reached skill level 1 in Polearms
   260 | Ossuary  | Reached skill level 1 in Staves
   260 | Ossuary  | Reached skill level 1 in Slings
   260 | Ossuary  | Reached skill level 1 in Bows
   260 | Ossuary  | Reached skill level 1 in Crossbows
   260 | Ossuary  | Reached skill level 1 in Throwing
   260 | Ossuary  | Reached skill level 1 in Stealth
   260 | Ossuary  | Reached skill level 1 in Shields
   260 | Ossuary  | Reached skill level 1 in Unarmed Combat
   260 | Ossuary  | Reached skill level 1 in Evocations
   260 | Ossuary  | Reached XP level 4. HP: 24/38 MP: 1/11
   281 | Ossuary  | HP: 1/38 [centaur zombie (2)]
   292 | Ossuary  | Reached skill level 1 in Conjurations
   292 | Ossuary  | Reached skill level 1 in Hexes
   292 | Ossuary  | Reached skill level 1 in Summonings
   292 | Ossuary  | Reached skill level 1 in Necromancy
   292 | Ossuary  | Reached skill level 1 in Translocations
   292 | Ossuary  | Reached skill level 1 in Transmutations
   292 | Ossuary  | Reached skill level 1 in Fire Magic
   292 | Ossuary  | Reached skill level 1 in Ice Magic
   292 | Ossuary  | Reached skill level 1 in Air Magic
   292 | Ossuary  | Reached skill level 1 in Earth Magic
   292 | Ossuary  | Reached skill level 1 in Poison Magic
   292 | Ossuary  | Reached XP level 5. HP: 4/43 MP: 2/12
   444 | D:5      | Entered Level 5 of the Dungeon
   468 | D:5      | Found an ancient bone altar of Kikubaaqudgha.
   528 | D:3      | Found a blossoming altar of Fedhas.
   544 | D:5      | Noticed a centaur
   550 | D:5      | Killed a centaur
   550 | D:5      | Reached XP level 6. HP: 28/50 MP: 10/14
   584 | D:5      | Found a staircase to the Ecumenical Temple.
   597 | Temple   | Entered the Ecumenical Temple
   616 | Temple   | Became a worshipper of Cheibriados the Contemplative
   657 | D:5      | Reached skill level 5 in Fighting
   657 | D:5      | Reached skill level 5 in Axes
   657 | D:5      | Reached skill level 5 in Dodging
   674 | D:6      | Found a sparkling altar of Nemelex Xobeh.
   681 | D:6      | Noticed an orc warrior
   691 | D:6      | HP: 2/51 [orc warrior/hand axe (13)]
   692 | D:6      | Slain by an orc warrior

Vault maps used:
D:1:      tarquinn_simple_flora_water_a, serial_park_tiny_pond,
          minmay_misc_feat_chi, minmay_pentomino_u4
D:2:      nicolae_gozag_cash_rules_everything_around_me, lemuel_crystal_altar,
          hangedman_feature_mirror, minmay_surrounded
D:3:      nicolae_overflow_crystal_walls, overflow_temple_1_default,
          first_ration, gammafunk_ghost_grave, kennysheep_generic_room_15
D:4:      elyvilon_altar_5, overflow_temple_1_default, enter_ossuary_3,
          kennysheep_decorative_pillar, uniq_blork_the_orc,
          uniq_crazy_yiuf_cottage
D:5:      kiku_gazebo_pond_becter, minmay_temple_entry_mist, minivault_23,
          kennysheep_flooded_box, uniq_grinder
D:6:      xom_redecorated, nemelex_xobeh_ov_fountains_minmay,
          nicolae_ru_awakened_eye
Temple:   jpeg_temple_island
Ossuary:  ossuary_the_hunt_dpeg

Skill      XL: |  1  2  3  4  5  6 |
---------------+-------------------+-----
Spellcasting   | 5 |  5.3
Invocations    | 1 2 |  2.1
Short Blades   | 1 |  1.9
Long Blades    | 1 |  1.9
Maces & Flails | 1 |  1.9
Polearms       | 1 |  1.9
Staves         | 1 |  1.9
Slings         | 1 |  1.9
Bows           | 1 |  1.9
Crossbows      | 1 |  1.9
Throwing       | 1 |  1.9
Stealth        | 1 |  1.9
Shields        | 1 |  1.9
Unarmed Combat | 1 |  1.9
Evocations     | 1 |  1.9
Conjurations   | 1 |  1.5
Hexes          | 1 |  1.5
Summonings     | 1 |  1.5
Necromancy     | 1 |  1.5
Translocations | 1 |  1.5
Transmutations | 1 |  1.5
Fire Magic     | 1 |  1.5
Ice Magic      | 1 |  1.5
Air Magic      | 1 |  1.5
Earth Magic    | 1 |  1.5
Poison Magic   | 1 |  1.5
Armour         | 3 |  3.2
Fighting       | 5 |  5.0
Axes           | 5 |  5.0
Dodging        | 5 |  5.0
Charms         | |  5.6

Action                   |  1- 3 |  4- 6 || total
-------------------------+-------+-------++-------
Melee: Hand axe          |    39 |   119 ||   158
       Bite              |     3 |    16 ||    19
       Punch             |       |     1 ||     1
 Cast: Infusion          |     2 |       ||     2
       Song of Slaying   |     2 |     3 ||     5
       Regeneration      |     1 |     7 ||     8
       Spectral Weapon   |       |     5 ||     5
       Shroud of Golubri |       |     1 ||     1
  Use: Scroll            |     1 |     5 ||     6
       Potion            |       |     1 ||     1
 Stab: Sleeping          |     1 |       ||     1
       Distracted        |       |     1 ||     1
  Eat: Chunk             |       |     1 ||     1
Armor: Leather armour    |    10 |    35 ||    45
Dodge: Dodged            |    28 |   133 ||   161

Table legend:
 A = Spawn XP
 B = Non-spawn XP
 C = Spawn XP percentage of total XP
 D = Spawn monster count
 E = Non-spawn monster count
 F = Spawn count percentage of total count
 G = Total turns spent on level
                    A         B        C        D         E        F      G
               +---------+---------+-------+---------+---------+-------+---------
         Total |       0 |     461 |   0.0 |       0 |      40 |   0.0 |   692
               +---------+---------+-------+---------+---------+-------+---------
           D:1 |       0 |       9 |   0.0 |       0 |       7 |   0.0 |   165
           D:2 |       0 |      19 |   0.0 |       0 |       4 |   0.0 |    48
           D:3 |       0 |       5 |   0.0 |       0 |       3 |   0.0 |    39
           D:4 |       0 |      87 |   0.0 |       0 |      11 |   0.0 |   117
           D:5 |       0 |     169 |   0.0 |       0 |       8 |   0.0 |   118
           D:6 |       0 |       3 |   0.0 |       0 |       1 |   0.0 |    27
       Ossuary |       0 |     169 |   0.0 |       0 |       6 |   0.0 |   140
               +---------+---------+-------+---------+---------+-------+---------
